AoeStats
← gob b

Arena

504619389Analyzed
4v4 RM · 26d ago on Sep 6, 2026· 52m 24s· 8 players
Game mode
Random Map
Map size
Large (8 player)
Population
200
Speed
Normal
Resources
Standard
Victory
Conquest
Starting age
Dark Age
Ending age
Imperial Age
RankedLock teamsTeams togetherTeam positionsShared explorationLock speedFull tech treeHidden civsTurbo modeCheats
Victory
Defeat
🇨🇴 Italians · Colombia
1197
+9
🇲🇽 Poles · Mexico
1173
+10
🇮🇳 Burgundians · India
1127
+12
🇺🇦 Malay · Ukraine
1110
+14
🇲🇽 Hindustanis · Mexico
1156
-15
🇨🇴 Huns · Colombia
1106
-13
🇨🇴 Spanish · Colombia
997
-10
🇳🇮 Sicilians · Nicaragua
905
-7
Andrxuv
11:25 Feudal Age
18:54 Castle Age
17:41 Loom
23:58 Arson
36:45 Pikeman
37:26 Squires
41:27 Imperial Age
40:27 Halberdier
Tlacaelel.MX
10:08 Feudal Age
12:40 Loom
15:08 Castle Age
14:03 Fletching
14:45 Stone Mining
15:29 Horse Collar
24:57 Wheelbarrow
31:31 Imperial Age
29:22 Bodkin Arrow
29:46 Hand Cart
29:27 Double-Bit Axe
29:49 Heavy Plow
30:18 Bodkin Arrow
30:58 Town Watch
31:43 Bow Saw
32:16 Forging
32:04 Gold Mining
33:48 Conscription
33:47 Scale Mail Armor
34:28 Bracer
34:51 Chain Mail Armor
34:20 Crossbowman
37:56 Iron Casting
37:22 Padded Archer Armor
39:06 Stone Shaft Mining
37:56 Arbalester
39:29 Plate Mail Armor
39:38 Thumb Ring
40:36 Blast Furnace
41:21 Leather Archer Armor
41:24 Scale Barding Armor
41:35 Elite Skirmisher
43:15 Hoardings
42:50 Elite Obuch
43:57 Ballistics
44:12 Crop Rotation
44:05 Squires
43:50 Arson
43:26 Pikeman
46:06 Chemistry
44:47 Treadmill Crane
45:17 Masonry
45:42 Chain Barding Armor
45:33 Bloodlines
44:44 Light Cavalry
45:25 Husbandry
46:41 Murder Holes
46:55 Siege Engineers
47:01 Fortified Wall
46:37 Arrowslits
47:05 Winged Hussar
48:56 Coinage
48:27 Caravan
48:40 Man-at-Arms
51:37 Bombard Tower
52:11 Lechitic Legacy
52:35 Town Patrol
52:00 Capped Ram
ederps24
0:31 Loom
11:55 Feudal Age
12:39 Double-Bit Axe
13:08 Horse Collar
18:17 Castle Age
19:34 Wheelbarrow
20:09 Fletching
20:55 Gold Mining
21:48 Bodkin Arrow
24:44 Town Watch
25:12 Fortified Wall
31:56 Imperial Age
29:53 Padded Archer Armor
33:44 Chemistry
33:15 Conscription
34:00 Thumb Ring
33:20 Elite Genoese Crossbowman
34:57 Bow Saw
35:17 Bracer
36:42 Leather Archer Armor
42:11 Pirotechnia
43:00 Hand Cart
42:50 Heavy Plow
43:57 Two-Man Saw
42:45 Elite Skirmisher
48:18 Ring Archer Armor
47:49 Scale Mail Armor
47:59 Forging
48:32 Ballistics
51:00 Chain Mail Armor
51:20 Iron Casting
50:50 Squires
50:10 Pikeman
50:36 Arson
gob b
9:40 Double-Bit Axe
9:38 Horse Collar
10:54 Gold Mining
12:54 Feudal Age
12:05 Wheelbarrow
13:01 Feudal Age
12:23 Stone Mining
15:01 Forging
15:10 Bow Saw
17:37 Castle Age
16:11 Heavy Plow
17:37 Scale Barding Armor
17:52 Town Watch
19:12 Wheelbarrow
18:45 Cavalier
21:09 Cavalier
29:09 Iron Casting
28:54 Chain Barding Armor
30:05 Hand Cart
32:40 Crop Rotation
33:10 Two-Man Saw
34:46 Imperial Age
34:49 Husbandry
35:06 Paladin
40:46 Blast Furnace
40:21 Plate Barding Armor
39:57 Light Cavalry
40:55 Loom
44:43 Conscription
44:30 Burgundian Vineyards
45:06 Fletching
Tito_kratos003
12:18 Feudal Age
13:07 Horse Collar
13:14 Double-Bit Axe
21:25 Castle Age
19:37 Forging
19:59 Loom
25:17 Murder Holes
24:56 Crossbowman
28:07 Padded Archer Armor
27:59 Fletching
28:47 Wheelbarrow
41:01 Elite Skirmisher
43:21 Bow Saw
49:01 Fletching
49:54 Bodkin Arrow
[CCMNG]JhonStrong
10:59 Feudal Age
15:23 Castle Age
14:31 Loom
22:17 Double-Bit Axe
22:14 Horse Collar
22:52 Fletching
26:39 Bow Saw
27:11 Wheelbarrow
28:25 Stone Mining
31:44 Gold Mining
35:27 Imperial Age
33:26 Hand Cart
33:40 Scale Mail Armor
35:08 Pikeman
35:45 Halberdier
37:13 Chain Mail Armor
38:20 Two-Man Saw
37:22 Heavy Plow
38:27 Plate Mail Armor
38:08 Forging
39:50 Padded Archer Armor
39:46 Bodkin Arrow
42:49 Elite Skirmisher
43:34 Padded Archer Armor
43:30 Bodkin Arrow
47:56 Ballistics
48:37 Chemistry
CCMNG.HERAcrow
9:53 Feudal Age
8:34 Loom
10:35 Double-Bit Axe
15:51 Castle Age
14:40 Horse Collar
19:05 Wheelbarrow
21:08 Heavy Plow
23:10 Hand Cart
23:31 Scale Barding Armor
24:18 Town Watch
24:43 Gold Mining
27:03 Chain Barding Armor
30:26 Imperial Age
29:14 Forging
30:16 Gold Shaft Mining
30:53 Marauders
31:48 Conscription
31:44 Bow Saw
31:16 Pikeman
32:45 Plate Barding Armor
32:09 Stone Mining
34:56 Fletching
38:52 Ballistics
38:30 Bodkin Arrow
40:37 Padded Archer Armor
40:42 Bracer
42:21 Heavy Cavalry Archer
43:42 Town Patrol
44:45 Chemistry
44:08 Leather Archer Armor
48:24 Parthian Tactics
48:18 Scale Mail Armor
48:21 Squires
50:48 Chain Mail Armor
50:01 Elite Skirmisher
51:29 Thumb Ring
CCM | Zero
11:39 Feudal Age
12:59 Double-Bit Axe
13:13 Horse Collar
15:41 Castle Age
15:22 Loom
16:19 Wheelbarrow
16:37 Gold Mining
18:56 Town Watch
24:38 Town Patrol
25:18 Gold Shaft Mining
30:02 Imperial Age
27:51 Heavy Plow
28:52 Hand Cart
30:53 Scale Barding Armor
30:59 Forging
30:49 Heavy Camel Rider
31:40 Bloodlines
31:31 Husbandry
32:58 Chain Barding Armor
33:06 Murder Holes
33:53 Iron Casting
34:59 Plate Barding Armor
36:22 Stone Mining
36:26 Siege Elephant
38:54 Ballistics
39:38 Chemistry
38:12 Imperial Camel Rider
40:53 Blast Furnace
39:43 Fletching
40:02 Light Cavalry
42:20 Conscription
42:45 Stone Shaft Mining
43:07 Hoardings
43:48 Masonry
44:25 Shatagni
44:38 Bodkin Arrow
45:05 Hussar
45:43 Elite Skirmisher
46:29 Thumb Ring
46:26 Padded Archer Armor
46:26 Bracer
47:53 Leather Archer Armor
49:23 Bow Saw
49:56 Ring Archer Armor
Connection lost

Rejoining the realm…

Still unreachable

The connection could not be restored.

Session expired

The server has moved on; the page needs a fresh start.